General information
			
			
        
        - name: 1212
 
        - type: Custom game
 
        - host: mouz.Fly100
 
        - saver: DASOCKBANDIT
 
        
map: TwistedMeadows 
        - players: 3
 
        - length: 23:36
 
        - speed: Fast
 - version: 1.22 W3XP
 - replay type:  Public
 
» download(175 KB)
Players
        team 1 (winner) 
              
              
fnatic.MinHyuk (
blue | 314 APM | 7403 actions | 23:36)
              
 5 Blademaster 
 2 Critical Strike
 3 Wind Walk
 4 Shadow Hunter 
 2 Hex
 2 Healing Wave
 
                » actions 
                
                | Assign group hotkey | 70 |  | 
| Basic commands | 105 |  | 
| Build / train | 123 |  | 
| Enter build submenu | 17 |  | 
| Enter hero's abilities submenu | 9 |  | 
| Give item / drop item | 2 |  | 
| Remove unit from queue | 8 |  | 
| Right click | 2595 |  | 
| Select / deselect | 619 |  | 
| Select group hotkey | 3669 |  | 
| Use ability | 186 |  | 
                7403 total
 » units 
                
                | Peon | 15 |  | 
| Grunt | 9 |  | 
| Raider | 3 |  | 
| Spirit Walker | 3 |  | 
| Kodo Beast | 2 |  | 
| Goblin Zeppelin | 2 |  | 
| Wind Rider | 8 |  | 
| Goblin Sapper | 3 |  | 
                45 total
 » upgrades
                
                | Berserker Strength | 1 |  | 
| Ensnare | 1 |  | 
| Spirit Walker Training | 1 |  | 
| Armor | 1 |  | 
| Ranged Weapons | 1 |  | 
| Envenomed Spears | 1 |  | 
| War Drums Damage Increase | 1 |  | 
                7 total
 » buildings
                
                | Altar of Storms | 1 |  | 
| Orc Burrow | 6 |  | 
| Barracks | 1 |  | 
| Voodoo Lounge | 1 |  | 
| Stronghold | 4 |  | 
| Beastiary | 2 |  | 
| Spirit Lodge | 1 |  | 
| War Mill | 2 |  | 
| Great Hall | 3 |  | 
| Fortress | 3 |  | 
                24 total
 » build order
                00:09 Altar of Storms
00:20 Orc Burrow
00:37 Barracks
01:36 Orc Burrow
02:06 Voodoo Lounge
03:01 Stronghold
03:01 Stronghold
03:02 Stronghold
03:38 Orc Burrow
05:29 Beastiary
06:10 Spirit Lodge
06:35 Orc Burrow
08:17 War Mill
08:58 War Mill
10:23 Great Hall
14:48 Beastiary
14:50 Orc Burrow
14:53 Orc Burrow
18:09 Great Hall
18:31 Fortress
18:31 Fortress
18:31 Fortress
21:26 Great Hall
» items
                
                | Healing Salve | 14 |  | 
| Boots of Speed | 1 |  | 
| Circlet of Nobility | 2 |  | 
| Potion of Healing | 2 |  | 
| Lesser Clarity Potion | 4 |  | 
| Scroll of Healing | 3 |  | 
| Potion of Lesser Invulnerability | 1 |  | 
| Scroll of Town Portal | 2 |  | 
                29 total
  
               team 2 (loser) 
              
              
DASOCKBANDIT (
teal | 158 APM | 3738 actions | 23:36)
              
 3 Death Knight 
 2 Death Coil
 1 Unholy Aura
 4 Lich 
 2 Frost Nova
 2 Frost Armor
 
                » actions 
                
                | Assign group hotkey | 101 |  | 
| Basic commands | 5 |  | 
| Build / train | 69 |  | 
| ESC pressed | 6 |  | 
| Enter build submenu | 18 |  | 
| Enter hero's abilities submenu | 7 |  | 
| Give item / drop item | 3 |  | 
| Right click | 1375 |  | 
| Select / deselect | 694 |  | 
| Select group hotkey | 1290 |  | 
| Use ability | 170 |  | 
                3738 total
 » units 
                
                | Acolyte | 9 |  | 
| Ghoul | 2 |  | 
| Crypt Fiend | 15 |  | 
| Obsidian Statue | 5 |  | 
                31 total
 » upgrades
                
                | Burrow | 1 |  | 
| Creature Carapace | 3 |  | 
| Web | 1 |  | 
| Destroyer Form | 1 |  | 
                6 total
 » buildings
                
                | Crypt | 1 |  | 
| Graveyard | 1 |  | 
| Altar of Darkness | 1 |  | 
| Ziggurat | 5 |  | 
| Tomb of Relics | 5 |  | 
| Nerubian Tower | 2 |  | 
| Halls of the Dead | 1 |  | 
| Slaughterhouse | 2 |  | 
| Spirit Tower | 4 |  | 
| Black Citadel | 1 |  | 
                23 total
 » build order
                00:09 Crypt
00:20 Graveyard
00:41 Altar of Darkness
00:56 Ziggurat
01:11 Tomb of Relics
02:00 Ziggurat
02:32 Nerubian Tower
02:32 Nerubian Tower
04:02 Halls of the Dead
04:57 Ziggurat
07:12 Tomb of Relics
08:17 Tomb of Relics
08:18 Tomb of Relics
08:37 Slaughterhouse
09:02 Spirit Tower
09:02 Spirit Tower
09:02 Spirit Tower
09:11 Spirit Tower
09:36 Tomb of Relics
09:45 Ziggurat
12:15 Slaughterhouse
14:05 Black Citadel
17:41 Ziggurat
» items
                
                | Rod of Necromancy | 5 |  | 
| Dust of Appearance | 5 |  | 
| Scroll of Town Portal | 2 |  | 
| Potion of Mana | 1 |  | 
| Orb of Corruption | 1 |  | 
                14 total
  
               observersmouz.Fly100 Chat log
          (00:30 / All) fnatic.MinHyuk: wcg holiday                     ?
(00:38 / All) DASOCKBANDIT: happy wcg holiday marvin
(00:47 / All) fnatic.MinHyuk: ?
(00:51 / All) DASOCKBANDIT: what?
(00:52 / All) fnatic.MinHyuk: ^^ gg hf
(01:05 / All) DASOCKBANDIT: no u
(01:38 / All) DASOCKBANDIT: a/s/l?
(01:47 / All) fnatic.MinHyuk: ?
(01:57 / All) DASOCKBANDIT: do u like the WWF?
(02:28 / All) DASOCKBANDIT: whats your favorite animal
(04:20 / All) DASOCKBANDIT: u hack?
(05:15 / All) DASOCKBANDIT: u hack bro?
(07:43 / All) DASOCKBANDIT: how bigs yod ick
(08:15 / All) DASOCKBANDIT: nice hack fag
(08:34 / All) DASOCKBANDIT: thought u were good? LOL thought wrong
(10:42 / All) DASOCKBANDIT: fatass bitch
(11:58 / All) DASOCKBANDIT: on vent?
(14:15 / All) DASOCKBANDIT: nigge
(14:41 / All) DASOCKBANDIT: aueaheaheahehaeh
(15:56 / All) DASOCKBANDIT: d
(15:57 / All) DASOCKBANDIT: d
(16:57 / All) DASOCKBANDIT: rm with no maphack? fat nigger
(17:18 / All) DASOCKBANDIT: Bad mannered nigerian piece of twat
(17:30 / All) DASOCKBANDIT: should bite your dick off and feed it to nick kelly
(21:22 / All) DASOCKBANDIT: i've got half a mind to pelvic thrust u right now
(21:47 / All) DASOCKBANDIT: swear to god i do
(23:36 / All) DASOCKBANDIT: whatever your still ugly